 Dungeon Crawl Stone Soup version 0.26.1-10-gdfb7c7de75 (webtiles) character file.

Game seed: 6826090977165099936

4510 Revguard the Thaumaturge (level 10, -21/58 HPs)
             Began as a Deep Elf Conjurer on Mar 31, 2021.
             Was a Believer of Vehumet.
             Demolished by Snorg (22 damage)
             ... on level 10 of the Dungeon.
             The game lasted 00:41:28 (9902 turns).

Revguard the Thaumaturge (Deep Elf Conjurer)        Turns: 9902, Time: 00:41:29

Health: -21/58     AC:  7    Str:  7    XL:     10   Next: 16%
Magic:  16/25      EV: 17    Int: 30    God:    Vehumet [**....]
Gold:   777        SH:  0    Dex: 20    Spells: 13/27 levels left

rFire    . . .     SeeInvis .   y - +0 quarterstaff
rCold    . . .     Faith    .   (shield currently unavailable)
rNeg     . . .     Spirit   .   v - +1 leather armour "Gazxic" {Will+ Dex+5 Stlth+}
rPois    .         Reflect  .   d - +0 helmet
rElec    .         Harm     .   g - scarf {repulsion}
rCorr    .         Rampage  .   (no gloves)
Will     ++...                  (no boots)
Stlth    +++++.....             k - amulet of magic regeneration
HPRegen  0.19/turn              r - ring of stealth
MPRegen  0.44/turn              t - +6 ring of intelligence

@: repel missiles
A: iridescent scales 1, strong 1
a: Renounce Religion


You were on level 10 of the Dungeon.
You worshipped Vehumet.
Vehumet was pleased with you.
You visited 2 branches of the dungeon, and saw 11 of its levels.
You also visited: Sewer.

You collected 777 gold pieces.

Inventory:

Hand Weapons
 y - a +0 quarterstaff (weapon)
Missiles
 w - 112 stones
Armour
 d - a +0 helmet (worn)
 g - a scarf of repulsion (worn)
 n - a +1 leather armour
 v - the +1 leather armour "Gazxic" (worn) {Will+ Dex+5 Stlth+}
   (You found it on level 8 of the Dungeon)

   It affects your dexterity (+5).
   It affects your willpower, your defense against some magical effects.
   It makes you more stealthy.
Jewellery
 k - an amulet of magic regeneration (around neck)
 r - a ring of stealth (left hand)
 t - a +6 ring of intelligence (right hand)
 u - an uncursed ring of protection from fire
 z - the ring "Vomug" {Fire *Slow +Fly rN++ MP+9}
   (You found it on level 9 of the Dungeon)

   [ring of fire]

   It enhances your fire magic.
   It protects you from fire.
   It makes you vulnerable to cold.
   It greatly protects you from negative energy.
   It affects your magic capacity (+9).
   It lets you fly.
   It may slow you when you take damage.
Wands
 m - a wand of iceblast (8)
Scrolls
 a - a scroll of immolation
 b - 2 scrolls of enchant armour
 h - 2 scrolls of teleportation
 j - 7 scrolls of identify
 l - 2 scrolls of magic mapping
 p - a scroll of enchant weapon
 s - 4 scrolls of remove curse
 A - a scroll of vulnerability {unknown}
Potions
 c - 7 potions of flight
 e - 6 potions of curing
 f - 4 potions of haste
 i - a potion of attraction
 o - a potion of brilliance
 q - 2 potions of lignification
Miscellaneous
 B - a condenser vane


   Skills:
 * Level 4.7 Fighting
 + Level 0.1(0.2) Polearms
 + Level 0.5 Staves
 + Level 3.3 Armour
 * Level 7.4 Dodging
 + Level 4.6 Stealth
 + Level 9.4 Spellcasting
 + Level 8.5 Conjurations
 * Level 6.4 Hexes
 + Level 1.4 Earth Magic
 * Level 1.5 Evocations


You had 13 spell levels left.
You knew the following spells:

 Your Spells              Type           Power        Failure   Level
a - Magic Dart            Conj           100%         1%          1
b - Searing Ray           Conj           100%         1%          2
c - Dazzling Flash        Conj/Hex       100%         1%          3
d - Fulminant Prism       Conj/Hex       28%          2%          4
e - Sandblast             Erth           44%          3%          1
f - Static Discharge      Conj/Air       39%          2%          3

Your spell library contained the following spells:

 Spells                   Type           Power        Failure   Level
 Iskenderun's Mystic Bla  Conj/Tloc      39%          10%         4


Dungeon Overview and Level Annotations

Branches:
Dungeon (10/15)            Temple (1/1) D:4           Sewer (visited)
   Lair: D:8-11         Orc: D:9-12

Altars:
Ashenzari
Cheibriados
Dithmenos
Elyvilon
Fedhas
Gozag
Hepliaklqana
Kikubaaqudgha
Makhleb
Nemelex Xobeh
Okawaru
Qazlal
Ru
Sif Muna
Trog
Uskayaw
Vehumet
Wu Jian
Xom
Yredelemnul
Zin
The Shining One

Annotations:
D:10 Snorg


Innate Abilities, Weirdness & Mutations

You are partially covered in iridescent scales. (AC +2)
Your muscles are strong. (Str +2)


Message History

Snorg is severely wounded.
The searing ray hits Snorg!
Snorg is severely wounded.
You finish channeling your searing ray.
Snorg goes berserk!
Casting: Searing Ray (safe; 1% risk of failure)
Confirm with . or Enter, or press ? or * to list all spells.
Aiming: Searing Ray (safe; 1% risk of failure)
Press: ? - help, Shift-Dir - straight line, f/p - Snorg
Aim: Snorg (severely wounded, berserk, 17% to evade)
The searing ray hits Snorg!
Snorg is almost dead. (Press . to maintain the ray.) Snorg bites you!!
Snorg claws you!!
* * * LOW HITPOINT WARNING * * *
Snorg claws you.
* * * LOW HITPOINT WARNING * * *
The searing ray misses Snorg.
Snorg barely misses you. x2; Snorg claws you!
* * * LOW HITPOINT WARNING * * *
Snorg bites you!!
You die...

##......# ........#
.##.....#. .#..)...#
.#........
#.........
#.........
#........##
#.........
#.###.....#
#.....$... ..#
#.....# #.........
.## #.....#
##.T....... .#
#.....####..@.......
.#
#...>......##.....#.
.####..#..######
###### .......#....#
....#..#..#.#
.......#....#
............#
#)####[#.####
#...........#


You could see Snorg (berserk).

Vanquished Creatures
  The ghost of poo4u the Chopper, a novice FoFi of Xom (D:6)
  Psyche (D:10)
  A hornet (D:8)
  An orc warrior (D:9)
  A phantom (D:5)
  6 ice beasts
  4 sky beasts
  2 ogres (D:10)
  A black bear (D:9)
  3 centaurs
  A big kobold (Sewer)
  4 bullfrogs
  A water moccasin skeleton (D:7)
  5 killer bees (D:7)
  3 electric eels (D:9)
  3 howler monkeys
  5 wights (D:8)
  A bullfrog zombie (D:8)
  3 hounds
  A jelly (D:10)
  3 orc wizards
  3 orc priests
  A bullfrog skeleton (D:10)
  9 worker ants
  2 worker ant zombies
  4 gnolls
  A howler monkey skeleton (D:5)
  11 adders
  A shadow imp (D:9)
  3 white imps (D:5)
  An ooze (D:3)
  An adder zombie (D:8)
  3 worms
  3 dart slugs
  5 leopard geckos
  27 orcs
  7 giant cockroaches
  9 goblins
  5 hobgoblins
  10 jackals
  10 kobolds
  2 quokkas
  4 ball pythons
  19 bats
  4 frilled lizards
  A jackal skeleton (D:4)
  11 rats
  A fulminant prism (D:7)
209 creatures vanquished.

Vanquished Creatures (others)
  22 fulminant prisms
  11 plants (D:9)
33 creatures vanquished.

Grand Total: 242 creatures vanquished

Notes
Turn   | Place    | Note
-------+----------+-------------------------------------------
     0 | D:1      | Revguard the Deep Elf Conjurer began the quest for the Orb.
     0 | D:1      | Reached XP level 1. HP: 10/10 MP: 6/6
   327 | D:1      | Reached XP level 2. HP: 15/15 MP: 6/8
   330 | D:1      | Learned a level 2 spell: Searing Ray
   429 | D:1      | Reached skill level 5 in Conjurations
   518 | D:1      | Reached XP level 3. HP: 19/19 MP: 1/9
   623 | D:1      | Learned a level 3 spell: Dazzling Flash
  1003 | D:1      | Gained mutation: You are partially covered in iridescent
                  | scales. (AC +2) [potion of mutation]
  1003 | D:1      | Gained mutation: Your muscles are strong. (Str +2) [potion
                  | of mutation]
  1205 | D:2      | Reached XP level 4. HP: 24/24 MP: 7/11
  1210 | D:2      | Learned a level 4 spell: Fulminant Prism
  1528 | D:2      | Found a snail-covered altar of Cheibriados.
  1734 | D:2      | Found a broken altar of Ashenzari.
  1830 | D:2      | Reached skill level 4 in Spellcasting
  2336 | D:3      | Reached skill level 1 in Hexes
  2361 | D:3      | Reached XP level 5. HP: 28/28 MP: 8/13
  2442 | D:3      | Found a broken altar of Ashenzari.
  2653 | D:3      | Reached skill level 1 in Armour
  3044 | D:4      | Reached skill level 1 in Fighting
  3056 | D:4      | Found a staircase to the Ecumenical Temple.
  3065 | Temple   | Entered the Ecumenical Temple
  3309 | Temple   | Became a worshipper of Vehumet
  3624 | D:4      | Reached skill level 5 in Spellcasting
  3889 | D:5      | Entered Level 5 of the Dungeon
  3963 | D:5      | Noticed a sky beast
  3968 | D:5      | Killed a sky beast
  3969 | D:5      | Reached XP level 6. HP: 35/35 MP: 9/15
  4491 | D:5      | Found a glowing drain.
  4500 | Sewer    | Entered a sewer
  4545 | Sewer    | Reached * piety under Vehumet
  4545 | Sewer    | Offered knowledge of Sandblast by Vehumet.
  4592 | Sewer    | Reached XP level 7. HP: 36/40 MP: 10/17
  4597 | Sewer    | Learned a level 1 spell: Sandblast
  4629 | Sewer    | Found a white marble altar of Elyvilon.
  4845 | D:5      | Found a sacrificial altar of Ru.
  4849 | D:5      | Found a glowing silver altar of Zin.
  4871 | D:5      | Found a glowing golden altar of the Shining One.
  5077 | D:5      | Reached skill level 6 in Spellcasting
  5723 | D:6      | Found a sparkling altar of Nemelex Xobeh.
  5730 | D:6      | Reached XP level 8. HP: 46/46 MP: 16/20
  5952 | D:6      | Found a large runed translucent door.
  5952 | D:6      | Found a large runed translucent door.
  5953 | D:6      | Noticed poo4u's ghost (novice FoFi)
  5986 | D:6      | Reached skill level 7 in Spellcasting
  6283 | D:6      | Killed poo4u's ghost
  6284 | D:6      | Reached skill level 5 in Dodging
  6655 | D:7      | Reached skill level 8 in Spellcasting
  6713 | D:7      | Reached skill level 1 in Earth Magic
  6713 | D:7      | Reached XP level 9. HP: 52/52 MP: 16/23
  7007 | D:7      | Offered knowledge of Shock by Vehumet.
  7141 | D:7      | Found an ancient bone altar of Kikubaaqudgha.
  7145 | D:7      | Reached ** piety under Vehumet
  7422 | D:7      | Found a shimmering blue altar of Sif Muna.
  7426 | D:7      | Found a bloodstained altar of Trog.
  7426 | D:7      | Found a hide-covered altar of Uskayaw.
  7433 | D:7      | Found a stormy altar of Qazlal.
  7958 | D:8      | Reached skill level 5 in Hexes
  8147 | D:8      | Got a sapphire-encrusted leather armour
  8172 | D:8      | Reached skill level 9 in Spellcasting
  8330 | D:8      | Found an ornate altar of the Wu Jian Council.
  8546 | D:9      | Got a shimmering turquoise ring
  8547 | D:9      | Identified the cursed +1 leather armour "Gazxic" {Will+
                  | Dex+5 Stlth+} (You found it on level 8 of the Dungeon)
  8548 | D:9      | Identified the ring "Vomug" {Fire *Slow +Fly rN++ MP+9}
                  | (You found it on level 9 of the Dungeon)
  9362 | D:10     | Entered Level 10 of the Dungeon
  9369 | D:10     | Reached XP level 10. HP: 48/58 MP: 18/25
  9480 | D:10     | Offered knowledge of Static Discharge by Vehumet.
  9488 | D:10     | Reached skill level 1 in Evocations
  9489 | D:10     | Noticed a death yak
  9489 | D:10     | Noticed Snorg
  9491 | D:10     | Noticed a death yak
  9492 | D:10     | Learned a level 3 spell: Static Discharge
  9493 | D:10     | Noticed a death yak
  9503 | D:10     | Noticed a death yak
  9504 | D:10     | Noticed a death yak
  9860 | D:10     | Noticed Psyche
  9869 | D:10     | Killed Psyche
  9902 | D:10     | HP: 1/58 [Snorg (11)]
  9902 | D:10     | Demolished by Snorg

Illustrated notes

Levels and vault maps discovered:
D:1:      enne_arrival_octagon_isle, layout_basic
D:2:      layout_basic, kennysheep_slug_shrine, ashenzari_altar_1
D:3:      layout_basic, lemuel_round_altar, minmay_liquid_box,
          grunt_decor_mini_mirrors
D:4:      minmay_general_purpose_star, layout_basic, minmay_temple_entry_mist,
          serial_corexii_hall, corexii_hall_statues_l, corexii_hall_statues_u,
          chequers_hall_statues_y, chequers_hall_statues_corner_a
D:5:      layout_loops_corners, grunt_temple_overflow_diamond,
          portal_sewer_entry_d
D:6:      layout_loops_cross, overflow_temple_1_default,
          ebering_ghost_disaster_area, serial_park_tiny_2, roderic_lattice_a
D:7:      layout_basic, lemuel_round_altar, minitemple
D:8:      layout_rooms, lemuel_altar_in_water
D:9:      layout_loops_ring, serial_bayou, serial_bayou_ford_a,
          serial_bayou_crossing, serial_bayou_shore_a, serial_bayou_pond_d
D:10:     layout_rooms, dpeg_lair_monsters,
          kennysheep_orc_monster_closet_entryway,
          hangedman_abyss_or_decor_passed, minmay_puff, uniq_psyche, uniq_snorg
Temple:   minmay_temple_curvy_loop

Skill      XL: |  1  2  3  4  5  6  7  8  9 10 |
---------------+-------------------------------+-----
Conjurations   | 5 6 7 8 |  8.5
Spellcasting   | 4 5 6 8 9 |  9.4
Hexes          | 1 2 3 4 6 |  6.4
Armour         | 1 2 3 |  3.3
Fighting       | 1 2 3 4 |  4.7
Dodging        | 3 4 5 7 |  7.4
Stealth        | 3 4 |  4.6
Earth Magic    | 1 |  1.4
Evocations     | 1 |  1.5
Polearms       | |  0.1
Staves         | |  0.5

Action                   |  1- 3 |  4- 6 |  7- 9 | 10-12 || total
-------------------------+-------+-------+-------+-------++-------
Melee: Unarmed           |     1 |       |       |       ||     1
       Spear             |     1 |     8 |     3 |       ||    12
       Quarterstaff      |       |       |     6 |       ||     6
 Cast: Magic Dart        |    44 |    94 |    17 |       ||   155
       Searing Ray       |     7 |    26 |    58 |    10 ||   101
       Fulminant Prism   |       |     2 |    14 |     7 ||    23
       Sandblast         |       |       |     8 |       ||     8
       Dazzling Flash    |       |       |       |     3 ||     3
  Use: Scroll            |     8 |     2 |     6 |     2 ||    18
       Potion            |     3 |       |     6 |     1 ||    10
Armor: Robe              |     2 |       |       |       ||     2
       Leather armour    |       |     4 |    21 |     1 ||    26
Dodge: Dodged            |     6 |    16 |    63 |     6 ||    91
       Repelled          |     1 |     1 |       |       ||     2
